 Dungeon Crawl Stone Soup version 0.30-a0-596-g0af90f9a20 (webtiles) character file.

Game seed: 8571926792982340661

1 wormed the Insei (level 1, -1/13 HPs)
             Began as an Octopode Transmuter on Jan 7, 2023.
             Frozen to death by an endoplasm (5 damage)
             ... on level 1 of the Dungeon.
             The game lasted 00:00:27 (45 turns).

wormed the Insei (Octopode Transmuter)                Turns: 45, Time: 00:00:27

Health: -1/13      AC:  1    Str:  9    XL:     1   Next: 20%
Magic:  2/3        EV: 13    Int: 15    God:
Gold:   0          SH:  0    Dex: 12    Spells: 3/4 levels left

rFire   . . .      SeeInvis .      - Unarmed
rCold   . . .      Faith    .    (no shield)
rNeg    . . .      Spirit   .    (helmet restricted)
rPois   .          Reflect  .    (no amulet)
rElec   .          Harm     .    (no ring)
rCorr   .          Rampage  .    (no ring)
Will    .....                    (no ring)
Stlth   ++                       (no ring)
HPRegen 0.22/turn                (no ring)
MPRegen 0.08/turn                (no ring)
                                 (no ring)
                                 (no ring)

@: no status effects
A: almost no armour, amphibious, 8 rings, camouflage 1, gelatinous body 1,
(nimble swimmer 1), tentacles
a: no special abilities


You were on level 1 of the Dungeon.
You visited 1 branch of the dungeon, and saw 1 of its levels.

Inventory:

Potions
 a - a potion of lignification


   Skills:
 + Level 1.0 Fighting
 + Level 2.0 Dodging
 + Level 3.0 Unarmed Combat
 + Level 2.0 Spellcasting
 * Level 2.0 Transmutations
 + Level 0.0 Ice Magic


You had 3 spell levels left.
You knew the following spells:

 Your Spells              Type           Power      Damage    Failure   Level
a - Beastly Appendage     Tmut           14%        N/A       10%         1

Your spell library contained the following spells:

 Spells                   Type           Power      Damage    Failure   Level
 Wereblood                Tmut           7%         N/A       14%         2
 Spider Form              Tmut/Pois      4%         N/A       41%         3
 Ice Form                 Ice/Tmut       4%         N/A       82%         4


Dungeon Overview and Level Annotations

Branches:
Dungeon (1/15)

Altars:


Innate Abilities, Weirdness & Mutations

You cannot wear most types of armour.
You are amphibious.
You can wear up to eight rings at the same time.
Your skin changes colour to match your surroundings (Stealth+).
Your rubbery body absorbs attacks. (AC +1, EV +1)
((You are camouflaged when in or above water. (Stealth+)))
You have tentacles for arms and can constrict up to eight enemies at once.


Message History

Casting: Beastly Appendage (safe; 10% risk of failure)
Confirm with . or Enter, or press ? or * to list all spells.
You miscast Beastly Appendage.
You are very lightly contaminated with residual magic.
Nothing appears to happen.
The quokka misses you.
You tentacle-slap the quokka. Your grab misses the quokka.
The quokka is almost dead.
The quokka bites you.
You closely miss the quokka.
The endoplasm quivers.
Your grab misses the quokka. Your squeeze misses the quokka.
The quokka is almost dead.
The quokka misses you.
You miss the quokka. Your grab misses the quokka.
The quokka is almost dead.
The quokka completely misses you.
You closely miss the quokka. Your grab misses the quokka.
The quokka is almost dead.
The quokka closely misses you. The goblin hits you with a +0 club.
The quokka bites you.
You are too injured to fight recklessly!
You are too injured to fight recklessly!
You tentacle-slap the quokka but do no damage.
Your grab misses the quokka.
The quokka is almost dead.
The goblin hits you with a +0 club.
* * * LOW HITPOINT WARNING * * *
The quokka closely misses you.
You tentacle-slap the quokka.
You kill the quokka!
The goblin barely misses you.
You barely miss the goblin. You grab the goblin. You constrict the goblin.
The goblin closely misses you.
Your magical contamination has completely faded away.
You tentacle-slap the goblin but do no damage.
You squeeze the goblin.
You kill the goblin!
The endoplasm freezes you.
You are frozen.
You die...

........# ### ........#
##### ##.### .....J..#
#...###.~.## ........#
####.♣.P..~~≈.. ......$.#
#..'.....~~≈≈~≈ .......g#
#..'.≈..~~≈~≈≈≈ ........#
#.##.~~~≈~P~≈≈≈
........####.##...~..~PP~~
........J@...##...P.~.PP~~
####..#.)....#############
##........# ##.......#
#.####### #. #. ##


You could see an endoplasm.

Vanquished Creatures
  A quokka (D:1)
  A goblin (D:1)
2 creatures vanquished.

Notes
Turn   | Place    | Note
-------+----------+-------------------------------------------
     0 | D:1      | wormed the Octopode Transmuter began the quest for the Orb.
     0 | D:1      | Reached XP level 1. HP: 13/13 MP: 3/3
    45 | D:1      | Frozen to death by an endoplasm

Illustrated notes

Levels and vault maps discovered:
D:1:      lightli_arrival_windingriver, layout_basic, minmay_octomino_j4

Action                   || total
-------------------------++-------
Melee: Unarmed           ||     8
       Constrict         ||     1
       Tentacles         ||     1
Dodge: Dodged            ||     8

Table legend: (Time is in decaauts)
 A = Elapsed time spent in this place.
 B = Non-inter-level travel time spent in this place.
 C = Inter-level travel time spent in this place.
 D = Time resting spent in this place.
 E = Time spent auto-exploring this place.
 F = Levels seen in this place.
 G = Mean time per level.
                   A        B        C        D        E       F      G
               +--------+--------+--------+--------+--------+-----+--------+
         Total |     44 |     44 |      0 |      0 |     32 |   1 |   44.0 |
       Dungeon |     44 |     44 |      0 |      0 |     32 |   1 |   44.0 |
               +--------+--------+--------+--------+--------+-----+--------+

Top non-repeatable levels by time:
     D:1: 44 daAuts
